 Dungeon Crawl Stone Soup version 0.31.0 (webtiles) character file.

Game seed: 7611626663818373136

78 qw the Shooter (level 4, -1/28 HPs)
             Began as a Gargoyle Hunter on Jan 19, 2024.
             Slain by a hobgoblin (2 damage)
             ... led by Robin
             ... on level 2 of the Dungeon.
             The game lasted 00:00:04 (949 turns).

qw the Shooter (Gargoyle Hunter)                     Turns: 949, Time: 00:00:05

Health: -1/28      AC:  9    Str: 15    XL:     4   Next: 36%
Magic:  4/4        EV: 11    Int:  9    God:
Gold:   62         SH:  0    Dex: 15    Spells: 3/3 levels left

rFire   . . .        a - +0 shortbow
rCold   . . .        (shield currently unavailable)
rNeg    + . .        d - +0 ring mail
rPois   inf          (no helmet)
rElec   +            (no cloak)
rCorr   +            i - +0 pair of gloves
SInv    .            (no boots)
Will    .....        (no amulet)
Stlth   +            f - ring of resist corrosion
HPRegen 0.24/turn    (no ring)
MPRegen 0.09/turn

%: no passive effects
@: about to teleport
A: sickness immunity, AC +3, negative energy resistance 1, electricity
resistance, torment resistance 1, petrification resistance
a: no special abilities


You were on level 2 of the Dungeon.
You visited 1 branch of the dungeon, and saw 2 of its levels.

You collected 62 gold pieces.


Innate Abilities, Weirdness & Mutations

You are immune to sickness and miasma.
Your stone body is resilient. (AC +3)
You are immune to poison.
You resist negative energy. (rN+)
You are resistant to electric shocks. (rElec)
You are resistant to unholy torment.
You are immune to petrification.


   Skills:
 - Level 3.0 Fighting
 + Level 5.1 Ranged Weapons
 - Level 1.4 Armour
 - Level 1.5 Dodging
 - Level 1.1 Stealth


You had 3 spell levels left.
You didn't know any spells.
Your spell library was empty.

Inventory:

Hand Weapons
 a - a +0 shortbow (weapon)
Armour
 d - a +0 ring mail (worn)
 i - a +0 pair of gloves (worn)
Jewellery
 f - a ring of resist corrosion (left hand)
Scrolls
 e - a scroll of fear {unknown}
Potions
 b - a potion of resistance {unknown}
 j - a potion of mutation

Dungeon Overview and Level Annotations

Branches:
Dungeon (2/15)

Altars:

Annotations:
D:2 Robin


Message History

A goblin comes into view. It is wielding a +0 dagger.
Robin throws the goblin at you! The goblin hits you with a +0 club.
You shoot an arrow. The arrow barely misses the goblin.
The goblin shouts!
The goblin barely misses you.
You shoot an arrow.
The arrow hits the goblin but does no damage.
The goblin is heavily wounded.
The goblin hits you with a +0 club.
You shoot an arrow. The arrow hits the goblin.
You kill the goblin!
You shoot an arrow. The arrow closely misses the hobgoblin.
The hobgoblin hits you. The hobgoblin closely misses you.
Robin hits you with a +0 short sword.
You shoot an arrow. The arrow barely misses Robin.
The hobgoblin hits you but does no damage.
The hobgoblin completely misses you. Robin hits you but does no damage.
You shoot an arrow.
The arrow hits Robin but does no damage.
The hobgoblin hits you but does no damage.
The hobgoblin hits you. The goblin hits you with a +0 dagger.
Robin throws the goblin at you!
947 ||| READING scroll of teleportation.
As you read the scroll of teleportation, it crumbles to dust.
You feel strangely unstable.
The goblin no longer looks unusually strong.
Robin hits you but does no damage.
The hobgoblin hits you but does no damage.
The goblin hits you but does no damage. The hobgoblin barely misses you.
You shoot an arrow. The arrow hits Robin.
Robin is lightly wounded.
The hobgoblin hits you but does no damage.
Robin closely misses you. The hobgoblin completely misses you.
The goblin hits you but does no damage.
You shoot an arrow. The arrow hits Robin.
Robin is heavily wounded.
The hobgoblin hits you.
Robin's bangles clink loudly.
Robin hits you with a +0 short sword. The hobgoblin hits you.
You die...

...... ###........
.....# ###.........
....# .......... ...###.
#.......#
.......###..(....#
.................#
.................#
.#.............#g##
.#............##@g#
..........##.(#g.g.....#
.#............#....).).#
..%...............)....#
##............#.....%..#
##......................
....%........#..........
.###......#.............
.............#.....)


You could see Robin, 2 hobgoblins and a goblin.

Vanquished Creatures
  A gnoll (D:1)
  2 adders (D:2)
  A ribbon worm (D:2)
  A dart slug (D:1)
  2 endoplasms
  A giant cockroach (D:2)
  7 goblins
  5 hobgoblins
  4 jackals (D:1)
  3 quokkas
  3 ball pythons (D:2)
  3 bats (D:1)
  3 frilled lizards
  4 kobolds (D:1)
  2 rats (D:1)
42 creatures vanquished.

Notes
Turn   | Place    | Note
-------+----------+-------------------------------------------
     0 | D:1      | qw the Gargoyle Hunter began the quest for the Orb.
     0 | D:1      | Reached XP level 1. HP: 12/12 MP: 1/1
     0 | D:1      | 0 ||| qw: Version: 0.3-a-132-g3d54051
     0 | D:1      | 0 ||| qw: Game counter: 318
     0 | D:1      | 0 ||| qw: Melee chars always use a shield: true
     0 | D:1      | 0 ||| qw: God list: Okawaru
     0 | D:1      | 0 ||| qw: Allow faded altars: false
     0 | D:1      | 0 ||| qw: Do Orc after clearing Dungeon:15 true
     0 | D:1      | 0 ||| qw: Do second Lair branch before Depths: true
     0 | D:1      | 0 ||| qw: Lair rune preference: random
     0 | D:1      | 0 ||| qw: Goals: Normal
     0 | D:1      | 0 ||| PLANNING D:1-11
    86 | D:1      | Reached XP level 2. HP: 17/17 MP: 2/2
   462 | D:1      | Reached skill level 5 in Ranged Weapons
   462 | D:1      | Reached XP level 3. HP: 21/21 MP: 3/3
   614 | D:1      | 614 ||| UPGRADING to +0 ring mail.
   624 | D:1      | 624 ||| DROPPING +0 leather armour.
   625 | D:1      | 625 ||| UPGRADING to +0 pair of gloves.
   630 | D:1      | 630 ||| DROPPING ring of magical power.
   631 | D:1      | 631 ||| UPGRADING to ring of resist corrosion.
   632 | D:1      | 632 ||| READING scroll labelled LURPHE ZOINWEDD.
   635 | D:1      | 635 ||| READING scroll labelled JYDUKO HAHIGE.
   635 | D:1      | 635 ||| IDENTIFYING fuming brown potion
   636 | D:1      | 636 ||| DROPPING scroll of butterflies.
   800 | D:2      | Reached skill level 1 in Armour
   898 | D:2      | Reached XP level 4. HP: 27/27 MP: 4/4
   935 | D:2      | Reached skill level 3 in Fighting
   936 | D:2      | Noticed Robin
   946 | D:2      | HP: 7/28 [hobgoblin[Robin] (6)]
   947 | D:2      | 947 ||| READING scroll of teleportation.
   949 | D:2      | HP: 1/28 [Robin/+0 short sword (3)]
   949 | D:2      | Slain by a hobgoblin

Levels and vault maps discovered:
D:1:      dpeg_arrival_tiny_a, layout_basic
D:2:      layout_rooms, shapermc_ecumenical_altar_hornbeckon, minivault_25,
          grunt_ministairs_4, uniq_natasha, uniq_robin

Skill      XL: |  1  2  3  4 |
---------------+-------------+-----
Ranged Weapons | 5 |  5.1
Armour         | 1 |  1.4
Fighting       | 3 |  3.0
Dodging        | |  1.5
Stealth        | |  1.1

Action                     |  1- 3 |  4- 6 || total
---------------------------+-------+-------++-------
   Fire: Shortbow          |   104 |    31 ||   135
    Use: Scroll            |     2 |     1 ||     3
 Armour: Leather armour    |    29 |       ||    29
         Ring mail         |     4 |    25 ||    29
  Dodge: Dodged            |    44 |     9 ||    53

Table legend:
 A = Non-vault XP
 B = Vault XP
 C = Vault XP percentage of total XP
 D = Non-vault monster count
 E = Vault monster count
 F = Vault count percentage of total count
                 A         B        C        D         E       F
            +---------+---------+-------+---------+---------+-------
      Total |      95 |      17 |  15.2 |      33 |       9 |  21.4
            +---------+---------+-------+---------+---------+-------
        D:1 |      49 |       0 |   0.0 |      21 |       0 |   0.0
        D:2 |      46 |      17 |  27.0 |      12 |       9 |  42.9
            +---------+---------+-------+---------+---------+-------
